 Dungeon Crawl Stone Soup version 0.20.1-1-g8b1a95d (webtiles) character file.

18 slep the Digger (level 2, 0/21 HPs)
             Began as a Demonspawn Wanderer on Oct 22, 2017.
             Slain by an adder (4 damage)
             ... on level 2 of the Dungeon.
             The game lasted 00:07:35 (1040 turns).

slep the Digger (Demonspawn Wanderer)               Turns: 1040, Time: 00:07:35

Health: 0/21       AC:  6    Str:  9 (10) XL:     2   Next: 48%
Magic:  5/5        EV:  9    Int:  8 (11) God:
Gold:   37         SH:  0    Dex: 13 (16) Spells: 5/6 levels left

rFire    . . .     SeeInvis .   d - +0 dagger
rCold    . . .     Gourm    .   (no shield)
rNeg     . . .     Faith    .   i - +0 ring mail {MR+}
rPois    +         Spirit   .   (helmet restricted)
rElec    .         Reflect  .   (no cloak)
rCorr    .         Harm     .   (no gloves)
MR       ++...     Clarity  +   (no boots)
Stlth    +.........             (no amulet)
Regen    0.1/turn               h - ring of poison resistance
MPRegen  0.1/turn               k - ring of flight

@: no status effects
A: antennae 1, rugged brown scales 1, clarity, magic resistance 1, wild magic 1
a: Evoke Flight


You were on level 2 of the Dungeon.
You were hungry.

You visited 1 branch of the dungeon, and saw 2 of its levels.

You collected 37 gold pieces.

Inventory:

Hand Weapons
 d - a +0 dagger (weapon)
Missiles
 p - 24 stones (quivered)
Armour
 c - a +0 robe
 i - a +0 ring mail of magic resistance (worn)
Jewellery
 h - a ring of poison resistance (left hand)
 k - a ring of flight (right hand)
Scrolls
 e - a scroll of recharging {unknown}
 g - 3 scrolls of teleportation {unknown}
 j - a scroll of identify {unknown}
 m - a scroll of amnesia {unknown}
 n - a scroll of remove curse {unknown}
Potions
 b - 4 potions of curing
Books
 a - a book of Geomancy

   Spells                             Type                      Level
   a - Sandblast                      Earth                        1
   b - Passwall                       Transmutation/Earth          2
   c - Stone Arrow                    Conjuration/Earth            3
   d - Petrify                        Transmutation/Earth          4
   e - Lee's Rapid Deconstruction     Earth                        5
Comestibles
 f - 2 bread rations


   Skills:
 + Level 1.0 Fighting
 + Level 0.5 Short Blades
   Level 1.0 Maces & Flails
 + Level 1.0 Armour
 + Level 0.1 Dodging
 + Level 1.0 Stealth
   Level 1.0 Shields
 + Level 2.6 Spellcasting
 + Level 2.8 Earth Magic


You had 5 spell levels left.
You knew the following spells:

 Your Spells              Type           Power        Failure   Level  Hunger
a - Sandblast             Erth           #.....       38%         1    ##.....


Dungeon Overview and Level Annotations

Branches:
Dungeon (2/15)

Altars:


Innate Abilities, Weirdness & Mutations

You are partially covered in rugged brown scales. (AC +1, +3% HP)
You have a pair of small antennae on your head.
You possess an exceptional clarity of mind.
You are resistant to hostile enchantments. (MR+)
Your spells are a little harder to cast, but a little more powerful.


Message History

The kobold hits you but does no damage. The adder barely misses you.
You miss the adder.
The adder is heavily wounded.
The adder bites you. The kobold hits you with a dagger.
The adder bites you but does no damage.
You miss the adder.
The adder is heavily wounded.
The kobold barely misses you. The adder bites you.
* * * LOW HITPOINT WARNING * * *
The frilled lizard bites you but does no damage.
You completely miss the adder.
The adder is heavily wounded.
The kobold closely misses you. The adder bites you but does no damage.
The frilled lizard bites you.
* * * LOW HITPOINT WARNING * * *
The adder closely misses you.
Things that are here:
a short sword; a kobold corpse The adder bites you.
You die...

## #.##.#......
..#.##.#.....#
##.#.##.#.#.[.#
.. ........?.>.
#. #...........
#. #.##........
#.##..#$.......
#.#(.@S)..?....
#.<...Kl.......
#.#.##.##......
#...##.# ......
#......# .....
#.###..# .....
#. .... ..#. ..
..... ... ##.
...


You could see an adder, a kobold and a frilled lizard.

Vanquished Creatures
  A leopard gecko (D:1)
  A giant cockroach (D:1)
  3 goblins
  A hobgoblin (D:1)
  3 bats (D:1)
  2 kobolds
  6 rats (D:1)
17 creatures vanquished.

Notes
Turn   | Place    | Note
-------+----------+-------------------------------------------
     0 | D:1      | slep the Demonspawn Wanderer began the quest for the Orb.
     0 | D:1      | slep set off with: a book of Geomancy, a potion of curing, a +0 robe, a +0 dagger, a bread ration
     0 | D:1      | Reached XP level 1. HP: 15/15 MP: 3/3
     2 | D:1      | Learned a level 1 spell: Sandblast
   554 | D:1      | Gained mutation: You are partially covered in rugged brown scales. (AC +1, +3% HP) [demonic ancestry]
   554 | D:1      | Reached XP level 2. HP: 8/21 MP: 5/5
   956 | D:1      | Gained mutation: You have a pair of small antennae on your head. [potion of mutation]
   956 | D:1      | Gained mutation: You possess an exceptional clarity of mind. [potion of mutation]
   956 | D:1      | Gained mutation: Your spells are a little harder to cast, but a little more powerful. [potion of mutation]
   956 | D:1      | Gained mutation: You are resistant to hostile enchantments. (MR+) [potion of mutation]
  1040 | D:2      | Slain by an adder

Action                   || total
-------------------------++-------
Melee: Dagger            ||   125
  Use: Potion            ||     3
Armor: Ring mail         ||    70
Dodge: Dodged            ||    79
